 Dungeon Crawl Stone Soup version 0.32-a0-712-g515539a (webtiles) character file.

Game seed: 7221420719552186440

112 TheGoonsmith the Covered (level 4, 0/29 HPs)
             Began as a Gargoyle Fighter on Mar 15, 2024.
             Incinerated by a bombardier beetle (6 damage)
             ... with a burning spray
             ... on level 4 of the Dungeon.
             The game lasted 00:04:21 (2234 turns).

TheGoonsmith the Covered (Gargoyle Fighter)         Turns: 2234, Time: 00:04:22

Health: 0/29       AC: 10    Str: 21    XL:     4   Next: 93%
Magic:  4/4        EV:  8    Int:  9    God:
Gold:   176        SH:  4    Dex:  9    Spells: 3/3 levels left

rFire   . . .        a - +1 flail
rCold   . . .        c - +0 buckler
rNeg    + . .        b - +0 scale mail
rPois   ∞            (no helmet)
rElec   +            (no cloak)
rCorr   .            (no gloves)
SInv    .            (no boots)
Will    .....        (no amulet) Stlth
                     (no ring)
HPRegen 0.24/turn    (no ring)
MPRegen 0.09/turn

%: no passive effects
@: mighty, on fire, glowing
A: sickness immunity, AC +3, negative energy resistance 1, electricity
resistance, torment resistance 1, petrification resistance
a: no special abilities


You were on level 4 of the Dungeon.
You visited 1 branch of the dungeon, and saw 4 of its levels.

You collected 176 gold pieces.

Inventory:

Hand Weapons
 a - a +1 flail (weapon)
Armour
 b - a +0 scale mail (worn)
 c - a +0 buckler (worn)
Jewellery
 i - a ring of ice
Scrolls
 k - 2 scrolls of identify
Potions
 f - a potion of brilliance
 l - a potion of enlightenment


   Skills:
 + Level 3.9 Fighting
 * Level 3.4 Maces & Flails
 - Level 4.0 Armour
 - Level 4.0 Shields


You had 3 spell levels left.
You didn't know any spells.
Your spell library contained the following spells:

 Spells                   Type           Power      Damage    Failure   Level
 Summon Small Mammal      Summ           0%         N/A       78%         1
 Call Canine Familiar     Summ           0%         N/A       98%         3
 Summon Blazeheart Golem  Fire/Summ      0%         N/A       100%        4


Dungeon Overview and Level Annotations

Branches:
Dungeon (4/15)             Temple (0/1) D:4

Altars:
Ashenzari
Uskayaw


Innate Abilities, Weirdness & Mutations

You are immune to sickness and miasma.
Your stone body is resilient. (AC +3)
You are immune to poison.
You resist negative energy. (rN+)
You are resistant to electric shocks. (rElec)
You are resistant to unholy torment.
You are immune to petrification.


Message History

The orc attacks as it pursues you! The orc hits you with a +0 whip.
The endoplasm quivers.
You sock the orc!
You kill the orc!
You barely miss the bombardier beetle. The orc hits you but does no damage. x2
You barely miss the bombardier beetle.
The bombardier beetle sprays incendiary fluid at you.
The burning spray hits you.
You are covered in liquid fire!
You block the orc's attack.
You barely miss the bombardier beetle. The liquid fire burns you!
You block the orc's attack. The orc hits you but does no damage.
The bombardier beetle bites you but does no damage.
You barely miss the orc. The liquid fire burns you!
The orc completely misses you. The orc hits you with a +0 whip.
You block the bombardier beetle's attack.
You shake off some of the fire as you move.
The liquid fire burns you!
You feel very mighty all of a sudden. The liquid fire burns you!
The orc hits you with a +0 whip. The orc hits you but does no damage.
You feel better. The liquid fire burns you!
The orc hits you but does no damage. The orc barely misses you.
You completely miss the endoplasm. The liquid fire burns you!
The endoplasm barely misses you. The orc hits you but does no damage.
The orc hits you with a +0 falchion.
* * * LOW HITPOINT WARNING * * *
The bombardier beetle waves its antennae.
The endoplasm hits you but does no damage.
The orc barely misses you. You block the orc's attack.
Okay, then.
Okay, then.
You sock the endoplasm!
You kill the endoplasm!
The liquid fire burns you!
You die...

,,,,,,,,,,,,,,,,,,,,,,,,,,*
***,,*+#########,,,**,,****
,,,,,,,........#*+***,,**,*******
,,,,,,,........#,,,,,,,*,,,,,,,,,
,,,,,,,........#,,,,,,,+,,,,,,,,,
,,,,,,,........#,,,,,,,*,,,,,,,,,
,,,,,,,.......)##########,,,,,,,,
,,,,*+*##......o.....$..#,,,,,,,,
,,,,*,,,#.....Bo@.......#,,,,,,,,
,,,,*,,,#...............#,,,,,,**
,,,,*,,,#...............#########
*****,,,+.........[.............#
,,,*****#....................$..#
,,,*,,,,....############........#
,,,*,,,,....*,,,,* #####........#
,,,*,,,,,..,*,,,,* #####........#
,,,*,,,,,,,,*,,,,* #####........#


You could see a bombardier beetle and 2 orcs.

Vanquished Creatures
  5 adders
  A dart slug (D:1)
  An orc (D:4)
  4 bats
  6 endoplasms
  4 giant cockroaches (D:1)
  4 goblins
  4 hobgoblins
  8 jackals
  4 quokkas
  10 ball pythons
  2 frilled lizards
  4 kobolds
  4 rats
61 creatures vanquished.

Notes
Turn   | Place    | Note
-------+----------+-------------------------------------------
     0 | D:1      | TheGoonsmith the Gargoyle Fighter began the quest for the
                  | Orb.
     0 | D:1      | Reached XP level 1. HP: 14/14 MP: 1/1
    59 | D:1      | Reached XP level 2. HP: 17/19 MP: 2/2
   262 | D:1      | Reached XP level 3. HP: 23/23 MP: 3/3
   836 | D:2      | Reached XP level 4. HP: 28/29 MP: 4/4
  1217 | D:2      | Found a hide-covered altar of Uskayaw.
  1882 | D:3      | Found a broken altar of Ashenzari.
  2234 | D:4      | Incinerated by a bombardier beetle

Illustrated notes

Levels and vault maps discovered:
D:1:      orjb1_clovarrival, layout_basic, serial_forest,
          infiniplex_forest_lined_3, infiniplex_forest_clump_small,
          infiniplex_forest_straight_5, infiniplex_forest_join,
          infiniplex_forest_clump_curved, infiniplex_forest_lined_2,
          infiniplex_forest_clump_C
D:2:      layout_loops_cross, basic_altar, nicolae_figureground_sparkle
D:3:      layout_basic, amcnicky_altar_gilded
D:4:      layout_gridville, kiku_gazebo_garden_becter,
          minmay_temple_entry_statues_pillars, uniq_duvessa, uniq_eustachio,
          uniq_grinder

Skill      XL: |  1  2  3  4 |
---------------+-------------+-----
Maces & Flails | 3 |  3.4
Armour         | 4 |  4.0
Shields        | 4 |  4.0
Fighting       | |  3.9

Action                     |  1- 3 |  4- 6 || total
---------------------------+-------+-------++-------
  Melee: Flail             |   146 |    95 ||   241
    Use: Potion            |     1 |     2 ||     3
         Scroll            |       |     8 ||     8
 Armour: Scale mail        |   155 |    95 ||   250
  Dodge: Dodged            |   107 |    57 ||   164
  Block: Buckler           |    44 |    28 ||    72

Table legend: (Time is in decaauts)
 A = Elapsed time spent in this place.
 B = Non-inter-level travel time spent in this place.
 C = Inter-level travel time spent in this place.
 D = Time resting spent in this place.
 E = Time spent auto-exploring this place.
 F = Levels seen in this place.
 G = Mean time per level.
                   A        B        C        D        E       F      G
               +--------+--------+--------+--------+--------+-----+--------+
         Total |   2318 |   2245 |     73 |      2 |   1727 |   4 |  579.5 |
       Dungeon |   2318 |   2245 |     73 |      2 |   1727 |   4 |  579.5 |
               +--------+--------+--------+--------+--------+-----+--------+

Top non-repeatable levels by time:
     D:3: 760 daAuts
     D:2: 755 daAuts
     D:1: 719 daAuts
     D:4: 81 daAuts
